 Dungeon Crawl Stone Soup version 0.25-a0-246-g58704a1ebd (webtiles) character file.

Game seed: 11562787521213552917, levelgen mode: classic

83 Borgoz the Skirmisher (level 4, -8/29 HPs)
             Began as a Kobold Fighter on Dec 4, 2019.
             Mangled by a gnoll
             ... wielding a +0 halberd
              (9 damage)
             ... on level 3 of the Dungeon.
             The game lasted 00:02:31 (2149 turns).

Borgoz the Skirmisher (Kobold Fighter)              Turns: 2149, Time: 00:02:32

Health: -8/29      AC:  6    Str: 14    XL:     4   Next: 71%
Magic:  4/4        EV:  8    Int:  9    God:
Gold:   128        SH:  9    Dex: 14    Spells: 3/3 levels left

rFire    . . .     SeeInvis .   d - +0 short sword (venom)
rCold    . . .     Gourm    .   c - +0 shield
rNeg     . . .     Faith    .   b - +0 scale mail
rPois    .         Spirit   .   (no helmet)
rElec    .         Reflect  .   (no cloak)
rCorr    .         Harm     .   (no gloves)
MR       .....                  (no boots)
Stlth    ..........             (no amulet)
HPRegen  0.09/turn              (no ring)
MPRegen  0.09/turn              (no ring)

@: no status effects
A: small, carnivore
a: no special abilities


You were on level 3 of the Dungeon.
You were completely stuffed.

You visited 1 branch of the dungeon, and saw 3 of its levels.

You collected 128 gold pieces.

Inventory:

Hand Weapons
 a - a +0 rapier
 d - a +0 short sword of venom (weapon)
 g - a +2 dagger of draining
Armour
 b - a +0 scale mail (worn)
 c - a +0 shield (worn)
Scrolls
 k - a scroll of identify {unknown}
 n - a scroll of enchant armour {unknown}
Potions
 e - a potion of cancellation {unknown}
 h - a potion of heal wounds {unknown}
 i - 2 potions of curing {unknown}
 j - a potion of flight {unknown}
 l - 2 potions of berserk rage {unknown}
Comestibles
 f - 2 rations


   Skills:
 + Level 3.9 Fighting
 + Level 3.6 Short Blades
 * Level 3.0 Armour
 * Level 3.0 Shields


You had 3 spell levels left.
You didn't know any spells.
Your spell library was empty.

Dungeon Overview and Level Annotations

Branches:
Dungeon (3/15)

Altars:


Innate Abilities, Weirdness & Mutations

You are small and have problems with some larger weapons.
You are carnivorous and can eat meat at any time.


Message History

You block the gnoll's attack. You block the gnoll's attack. x2
You hit the gnoll.
The gnoll is poisoned.
The gnoll is moderately wounded.
You block the gnoll's attack. The gnoll hits you with a +0 halberd!
The gnoll hits you but does no damage.
You hit the gnoll but do no damage.
The gnoll is poisoned.
The gnoll hits you with a +0 spear.
* * * LOW HITPOINT WARNING * * *
You block the gnoll's attack. The gnoll barely misses you.
You hit the gnoll.
The gnoll looks as sick as possible!
The gnoll is heavily wounded.
The gnoll hits you with a +0 spear.
* * * LOW HITPOINT WARNING * * *
The gnoll barely misses you. You block the gnoll's attack.
The gnoll hits you from afar with a +0 spear.
* * * LOW HITPOINT WARNING * * *
The gnoll hits you from afar with a +0 halberd!
You die...

#.### #... ...
####+#..#### ##..##
#..........# #(....
#..........# #.....
#.....g....# #.....
#...gg.....# #.....
+##..........# #.....
.......@###########.....
$.......................
.........###########.###
.....................#
........##############
+####...# #.... #...?
#...


You could see 3 gnolls.

Vanquished Creatures
  A hound zombie (D:2)
  An adder (D:2)
  An ooze (D:1)
  A worm (D:2)
  3 dart slugs
  A leopard gecko (D:2)
  2 giant cockroaches (D:2)
  9 hobgoblins
  6 bats
  3 frilled lizards
  4 goblins
  7 kobolds
  7 rats
46 creatures vanquished.

Notes
Turn   | Place    | Note
-------+----------+-------------------------------------------
     0 | D:1      | Borgoz the Kobold Fighter began the quest for the Orb.
     0 | D:1      | Reached XP level 1. HP: 14/14 MP: 1/1
    97 | D:1      | Reached XP level 2. HP: 4/19 MP: 2/2
   716 | D:1      | Reached XP level 3. HP: 23/23 MP: 3/3
  1114 | D:2      | Reached XP level 4. HP: 27/29 MP: 4/4
  2148 | D:3      | HP: 1/29 [gnoll/+0 spear (4)]
  2149 | D:3      | Mangled by a gnoll

Levels and vault maps discovered:
D:1:      evilmike_arrival_rings, layout_basic
D:2:      layout_basic
D:3:      layout_basic, old_standard_altar, uniq_terence, uniq_sigmund,
          uniq_crazy_yiuf_cottage

Skill      XL: |  1  2  3  4 |
---------------+-------------+-----
Short Blades   | 3 |  3.6
Armour         | 3 |  3.0
Shields        | 3 |  3.0
Fighting       | |  3.9

Action                   |  1- 3 |  4- 6 || total
-------------------------+-------+-------++-------
Melee: Rapier            |    17 |       ||    17
       Dagger            |    52 |    42 ||    94
       Short sword       |       |    12 ||    12
  Use: Potion            |     1 |       ||     1
       Scroll            |       |     2 ||     2
  Eat: Chunk             |     8 |     4 ||    12
Armor: Scale mail        |    23 |    16 ||    39
Dodge: Dodged            |    13 |    19 ||    32
Block: Shield            |    25 |    25 ||    50

Table legend:
 A = Non-vault XP
 B = Vault XP
 C = Vault XP percentage of total XP
 D = Non-vault monster count
 E = Vault monster count
 F = Vault count percentage of total count
                 A         B        C        D         E       F
            +---------+---------+-------+---------+---------+-------
      Total |     119 |       0 |   0.0 |      46 |       0 |   0.0
            +---------+---------+-------+---------+---------+-------
        D:1 |      44 |       0 |   0.0 |      23 |       0 |   0.0
        D:2 |      75 |       0 |   0.0 |      23 |       0 |   0.0
            +---------+---------+-------+---------+---------+-------
